 Dungeon Crawl Stone Soup version 0.20.0-8-g6b59dc7 (webtiles) character file.

297 anfisbena the Firebug (level 6, -3/32 HPs)
             Began as a Gargoyle Fire Elementalist on May 31, 2017.
             Killed by divine providence
             ... invoked by an orc priest
              (12 damage)
             ... on level 3 of the Dungeon.
             The game lasted 00:03:17 (3783 turns).

anfisbena the Firebug (Gargoyle Fire Elementalist)  Turns: 3783, Time: 00:03:18

Health: -3/32      AC:  6    Str: 12    XL:     6   Next: 35%
Magic:  9/9        EV: 12    Int: 17    God:
Gold:   89         SH:  0    Dex: 10    Spells: 8/9 levels left

rFire    + . .     SeeInvis .   (no weapon)
rCold    + . .     Gourm    .   (no shield)
rNeg     + . .     Faith    .   a - +0 robe
rPois    ∞         Spirit   .   (no helmet)
rElec    +         Reflect  .   k - scarf {rC+ rF+}
rCorr    .         Harm     .   (no gloves)
MR       .....                  (no boots)
Stlth    ++........             (no amulet)
Regen    0.1/turn               (no ring)
MPRegen  0.2/turn               (no ring)

@: no status effects
A: negative energy resistance 1, electricity resistance, unbreathing,
petrification resistance, rot immunity, AC +4
a: no special abilities


You were on level 3 of the Dungeon.
You were not hungry.

You visited 1 branch of the dungeon, and saw 4 of its levels.

You collected 89 gold pieces.

Inventory:

Armour
 a - a +0 robe (worn)
 k - a scarf of resistance (worn)
 o - a +0 pair of gloves
 r - a +0 pair of boots
Jewellery
 p - an uncursed ring of flight {unknown}
Scrolls
 d - a scroll of fog {unknown}
 e - 2 scrolls of recharging {unknown}
 g - 2 scrolls of noise {unknown}
 h - a scroll of amnesia {unknown}
 l - a scroll of remove curse {unknown}
 m - a scroll of identify {unknown}
 n - a scroll of magic mapping {unknown}
 q - 2 scrolls of teleportation {unknown}
Potions
 t - a potion of might {unknown}
 v - a potion of flight {unknown}
 w - 2 potions of mutation {unknown}
Books
 b - a book of Flames

   Spells                             Type                      Level
   a - Flame Tongue                   Conjuration/Fire             1
   b - Throw Flame                    Conjuration/Fire             2
   c - Conjure Flame                  Conjuration/Fire             3
   d - Inner Flame                    Hexes/Fire                   3
   e - Sticky Flame                   Conjuration/Fire             4
   f - Fireball                       Conjuration/Fire             5
Comestibles
 c - 2 bread rations
 f - 2 royal jellies
 i - 4 chunks of flesh
 s - a meat ration


   Skills:
 - Level 1.5 Dodging
 - Level 2.1 Stealth
 - Level 2.0 Spellcasting
 + Level 3.9 Conjurations
 * Level 5.9 Fire Magic


You had 8 spell levels left.
You knew the following spells:

 Your Spells              Type           Power        Failure   Level  Hunger
a - Flame Tongue          Conj/Fire      ###..        2%          1    #......


Dungeon Overview and Level Annotations

Branches:
Dungeon (4/15)
 Temple: D:4-7

Altars:
Makhleb
Qazlal
Uskayaw


Innate Abilities, Weirdness & Mutations

You are resistant to torment.
Your stone body is resilient. (AC +4)
You are immune to poison.
You resist negative energy. (rN+)
You are resistant to electric shocks. (rElec)
You can survive without breathing.
You are immune to petrification.
You are immune to rotting.


Message History

Aim: an orc, wielding a hand axe The flame tongue hits the orc.
You kill the orc!
The orc priest mumbles some strange prayers to Beogh against you.
Pain shoots through your body!
The orc priest invokes the aid of Beogh against you.
You barely resist.
You see here a club.
The orc priest looks encouraged for a moment.
Some of the chunks of flesh in your inventory have rotted away.
The rat bites you.
A bat comes into view.
The orc priest invokes the aid of Beogh against you.
Beogh smites you!
* * * LOW HITPOINT WARNING * * *
The bat closely misses you. The rat closely misses you.
The bat barely misses you.
The orc priest invokes the aid of Beogh against you.
Beogh smites you!
You die...

##.#####.........................
#....[.....................).[..
#######(........................
.......(([..................<...
########.........................
.................................
#######..........................
# #.......................... #
#.........@................ #
#.......rob................ #
#.....o.................... #
#................. #
#.................... #
#...o................
#######....................
#..........................
'........##########........


You could see an orc priest, 2 orcs, a bat and a rat.

Vanquished Creatures
  The ghost of melvinkitnick the Conjurer, an amateur DECj (D:3)
  2 orc wizards
  4 adders
  An ooze (D:2)
  3 worms
  3 dart slugs
  2 leopard geckos
  13 orcs
  7 bats
  2 giant cockroaches (D:1)
  4 hobgoblins
  4 jackals (D:1)
  A quokka (D:3)
  4 frilled lizards
  8 goblins
  A jackal skeleton (D:4)
  8 kobolds
  9 rats
77 creatures vanquished.

Vanquished Creatures (others)
  A rat (D:3)
1 creature vanquished.

Grand Total: 78 creatures vanquished

Notes
Turn   | Place    | Note
-------+----------+-------------------------------------------
     0 | D:1      | anfisbena the Gargoyle Fire Elementalist began the quest for the Orb.
     0 | D:1      | Reached XP level 1. HP: 10/10 MP: 3/3
   338 | D:1      | Reached XP level 2. HP: 15/15 MP: 3/5
  1065 | D:1      | Reached XP level 3. HP: 19/19 MP: 4/6
  1799 | D:2      | Reached skill level 4 in Fire Magic
  1966 | D:2      | Reached XP level 4. HP: 24/24 MP: 1/7
  2149 | D:2      | Found a stormy altar of Qazlal.
  2440 | D:2      | Found a burning altar of Makhleb.
  2444 | D:2      | Found a hide-covered altar of Uskayaw.
  2580 | D:2      | HP: 1/24 [orc wizard/dagger (3)]
  2598 | D:2      | Reached XP level 5. HP: 26/28 MP: 0/8
  2692 | D:3      | Noticed melvinkitnick's ghost (amateur DECj)
  2701 | D:3      | Killed melvinkitnick's ghost
  2701 | D:3      | Reached skill level 5 in Fire Magic
  2701 | D:3      | Reached XP level 6. HP: 8/32 MP: 1/9
  3783 | D:3      | Killed from afar by an orc priest

Skill      XL: |  1  2  3  4  5 |
---------------+----------------+-----
Conjurations   | 2 3 |  3.9
Fire Magic     | 4 5 |  5.9
Dodging        | |  1.5
Stealth        | |  2.1
Spellcasting   | |  2.0

Action                   |  1- 3 |  4- 6 || total
-------------------------+-------+-------++-------
Melee: Unarmed           |    95 |    52 ||   147
 Cast: Flame Tongue      |    51 |    84 ||   135
  Use: Potion            |       |     3 ||     3
  Eat: Chunk             |     4 |     7 ||    11
Armor: Robe              |    52 |    42 ||    94
Dodge: Dodged            |    88 |    79 ||   167
